 Dungeon Crawl Stone Soup version 0.26.1-2-gb8aa6d0cf2 (webtiles) character file.

Game seed: 8751644786238263578

693395 raph the Merfolkian Porcupine (level 27, -22/244 HPs)
             Began as a Merfolk Gladiator on Mar 22, 2021.
             Was a High Priest of Trog.
             Annihilated by an Orb Guardian (28 damage)
             ... on level 5 of the Realm of Zot on Mar 23, 2021.
             The game lasted 03:52:46 (97606 turns).

raph the Merfolkian Porcupine (Merfolk Gladiator)  Turns: 97606, Time: 03:52:46

Health: -22/244    AC: 35    Str: 27    XL:     27
Magic:  23/23      EV: 32    Int:  7    God:    Trog [*****.]
Gold:   6824       SH: 35    Dex: 26    Spells: 26/26 levels left

rFire    + + .     SeeInvis +   a - +9 demon trident (flame)
rCold    + + +     Faith    .   J - +3 tower shield
rNeg     . . .     Spirit   .   c - +5 shadow dragon scales
rPois    +         Reflect  +   F - +0 mask of the Dragon {Will+ Slay+3 SInv}
rElec    +         Harm     .   X - +2 cloak {rPois}
rCorr    .         Rampage  .   V - +2 pair of gloves {Str+3}
Will     +++++                  t - +2 pair of boots {run}
Stlth    ++++++....             j - amulet of reflection
HPRegen  0.50/turn              C - ring of Eriargh {Will+ Str+4}
MPRegen  0.18/turn              D - ring "Mopep" {*Drain rElec rF+ rC+++ Will+ Str+3}

@: about to teleport, marked, slowed, studying Throwing, very slow
A: change form in water, swift swim, stealthy swim, see invisible, cold
resistance 2, deterioration 1, fire resistance 1, sturdy frame 1
}: 3/15 runes: serpentine, barnacled, abyssal
a: Renounce Religion, Berserk, Trog's Hand, Brothers in Arms


You were on level 5 of the Realm of Zot.
You worshipped Trog.
Trog was extremely pleased with you.
You visited 10 branches of the dungeon, and saw 49 of its levels.
You visited the Abyss 2 times.
You visited 3 bazaars.
You also visited: Gauntlet and Wizlab.

You collected 9113 gold pieces.
You spent 2289 gold pieces at shops.

Inventory:

Hand Weapons
 a - a +9 demon trident of flaming (weapon)
 b - a +8 demon trident of electrocution
Missiles
 d - 12 throwing nets
 p - 23 silver javelins (quivered)
Armour
 c - +5 shadow dragon scales (worn)
 t - a +2 pair of boots of running (worn)
 F - the +0 mask of the Dragon (worn) {Will+ Slay+3 SInv}
   (You found it on level 4 of the Shoals)

   It affects your accuracy and damage with ranged weapons and melee attacks
   (+3).
   It affects your willpower, your defense against some magical effects.
   It lets you see invisible.
 J - a +3 tower shield (worn)
 V - a +2 pair of gloves of strength (worn)
 X - a +2 cloak of poison resistance (worn)
Jewellery
 f - an uncursed ring of protection from cold
 j - an amulet of reflection (around neck)
 s - the ring "Mebbirish" {rElec rPois rF+++ Dex-3 Slay+3}
   (You acquired it on level 1 of the Elven Halls)

   [ring of poison resistance]

   It affects your dexterity (-3).
   It affects your accuracy and damage with ranged weapons and melee attacks
   (+3).
   It renders you almost immune to fire.
   It insulates you from electricity.
   It protects you from poison.
 C - the ring of Eriargh (left hand) {Will+ Str+4}
   (You took it off an orc on level 9 of the Dungeon)

   [ring of willpower]

   It affects your strength (+4).
   It affects your willpower, your defense against some magical effects.
 D - the ring "Mopep" (right hand) {*Drain rElec rF+ rC+++ Will+ Str+3}
   (You bought it in a shop in a bazaar)

   [ring of protection from fire]

   It affects your strength (+3).
   It protects you from fire.
   It renders you almost immune to cold.
   It insulates you from electricity.
   It affects your willpower, your defense against some magical effects.
   It causes draining when unequipped.
Wands
 k - a wand of acid (26)
 l - a wand of digging (19)
 u - a wand of polymorph (7)
 E - a wand of enslavement (11)
 G - a wand of paralysis (36)
 P - a wand of flame (72)
 S - a wand of iceblast (41)
Scrolls
 i - 3 scrolls of blinking
 o - 35 scrolls of remove curse
 r - 2 scrolls of magic mapping
 y - 6 scrolls of fear
 z - a scroll of holy word
 I - 3 scrolls of silence
 N - 17 scrolls of teleportation
 O - a scroll of enchant armour
 T - 25 scrolls of identify
 Y - 6 scrolls of fog
 Z - 10 scrolls of summoning
Potions
 e - 20 potions of mutation
 g - a potion of magic
 m - 4 potions of haste
 n - 3 potions of resistance
 q - 3 potions of ambrosia
 v - 8 potions of might
 w - 9 potions of flight
 A - 4 potions of invisibility
 K - 2 potions of berserk rage
 L - 16 potions of curing
 M - 7 potions of cancellation
 Q - 2 potions of heal wounds
Books
 h - a manual of Throwing
Miscellaneous
 x - a lightning rod (4/4)
 B - a phantom mirror
 R - a tin of tremorstones (2/2)
 U - a box of beasts
 W - a condenser vane


   Skills:
 + Level 25.7 Fighting
 O Level 27 Polearms
 - Level 12.0 Throwing
 + Level 19.1 Armour
 - Level 24.7 Dodging
 - Level 8.9 Stealth
 - Level 25.0 Shields
 - Level 7.4 Evocations


You had 26 spell levels left.
You didn't know any spells.
Your spell library was empty.

Dungeon Overview and Level Annotations

Branches:
Dungeon (15/15)            Temple (1/1) D:6            Lair (6/6) D:11
 Shoals (4/4) Lair:2        Snake (4/4) Lair:4        Slime (0/5) Lair:5
    Orc (2/2) D:9             Elf (3/3) Orc:2        Vaults (4/5) D:14
  Crypt (0/3) Vaults:2     Depths (5/5) D:15            Zot (5/5) Depths:5
 WizLab (visited)         Gauntlet (visited)

Altars:
Ashenzari
Cheibriados
Dithmenos
Elyvilon
Fedhas
Gozag
Hepliaklqana
Kikubaaqudgha
Makhleb
Nemelex Xobeh
Okawaru
Qazlal
Ru
Sif Muna
Trog
Uskayaw
Vehumet
Wu Jian
Xom
Yredelemnul
Zin
The Shining One
Beogh
Jiyva
Lugonu

Shops:
D:5 :   D:10 :   Orc:2 }!([   Elf:1 ?   Shoals:1 (   Shoals:2 :   Shoals:4 (
Snake:3 [   Vaults:1 (   Depths:2 (([*   Depths:3 (=

Portals:
Hell: Depths:1 Depths:2 Depths:3 Depths:4 Depths:5
Abyss: Depths:4
Pandemonium: Depths:3
Ziggurat: Depths:5
Trove: D:14 (lose all piety)

Annotations:
Snake:4 1 exclusion
Vaults:4 3 runed translucent doors, Faydane's ghost, veteran HuFi


Innate Abilities, Weirdness & Mutations

You revert to your normal form in water.
You are very nimble and swift while swimming.
You are very stealthy in the water. (Stealth+)
You have supernaturally acute eyesight. (SInv)
Your flesh is very cold resistant. (rC++)
Your body sometimes deteriorates upon taking damage.
Your flesh is heat resistant. (rF+)
Your movements are slightly less encumbered by armour. (ER -2)


Message History

The Orb Guardian completely misses you. You block the Orb Guardian's attack.
The death cob misses you. The Orb Guardian hits you!
* * * LOW HITPOINT WARNING * * *
The Orb Guardian completely misses you.
You feel much better. You block the death cob's attack.
The Orb Guardian completely misses you. The death cob barely misses you.
You block the Orb Guardian's attack. x2
The Orb Guardian completely misses you. You block the Orb Guardian's attack.
The Killer Klown barely misses you.
The purple draconian shifter points at you and mumbles some strange words.
The Orb Guardian hits you.
* * * LOW HITPOINT WARNING * * *
You block the Orb Guardian's attack. The death cob closely misses you.
An orb of fire comes into view.
The Orb Guardian hits you!!
* * * LOW HITPOINT WARNING * * *
You block the Orb Guardian's attack. The Orb Guardian hits you!
* * * LOW HITPOINT WARNING * * *
The Orb Guardian hits you!!
You die...

,,,,,,,,,,.(......▓▓ **
,,,,,,,............▓ *▓▓▓***** *,
,....^.............▓*▓...,,,,***,
....^......^.....^.▓▓....,^,,,**,
...........(..q....▓?q^Xq,,,,,,*,
..................).*....,,,,,,,,
................X..▓,,,,^,^,^,,*,
.......^$......XXX.▓*,,,,,,,,,**,
..^.....^.....§z@Xq▓**^,,,,,,***,
.^.)..........§pXX.# ********* *,
...........^......## **
..............§.▓## *
....[...†....▓▓▓▓
....##▓▓▓▓▓▓▓▓▓▓▓#
...,,,,,^.....^..### ##
..,,,,,,.....##....## ##.
.,,,,,,,...,,,###...###########..


You could see an orb of fire, a Killer Klown, a red draconian knight (fast, icy
armour, invisible), 2 draconians, a death cob and 7 Orb Guardians.

Vanquished Creatures
  2 orbs of fire
  An ancient lich (Zot:5)
  Mara (Shoals:3)
  2 juggernauts (Depths:4)
  Vashnia (Snake:3)
  A shard shrike (Zot:2)
  A Killer Klown (Zot:5)
  2 curse toes
  A caustic shrike (Zot:5)
  11 golden dragons
  A mutant beast (WizLab)
  The ghost of Doefiu the Shatterer, an adept OgHu of Okawaru (Vaults:3)
  A bone dragon (Abyss:1)
  A Hell Sentinel (Abyss:2)
  An electric golem (Zot:5)
  8 liches
  21 tentacled monstrosities
  A titan (Vaults:4)
  15 Orb Guardians (Zot:5)
  3 quicksilver dragons
  2 Executioners (Abyss:4)
  Polyphemus (Shoals:3)
  A deep elf master archer (Elf:3)
  2 deep elf blademasters
  3 sphinxes
  10 death cobs
  26 tentacled starspawn
  Agnes (Snake:1)
  5 tengu reavers
  Kirke (Shoals:3)
  11 storm dragons
  8 shadow dragons
  A revenant (Vaults:4)
  Donald (Vaults:1)
  15 fire giants
  Ilsuiw (Shoals:3)
  7 draconian monks
  7 nagarajas
  4 daevas
  Aizul (Snake:4)
  2 orc warlords (Vaults:3)
  4 ghost moths
  2 iron dragons (Depths:2)
  7 deep elf sorcerers
  3 cacodemons
  2 draconian scorchers
  4 draconian knights
  8 vault wardens
  12 frost giants
  4 deep elf elementalists (Elf:3)
  Louise (Snake:4)
  6 draconian shifters
  8 spriggan defenders
  10 ironheart preservers
  A ghoul (Vaults:3)
  4 vampire knights
  6 draconian stormcallers
  37 very ugly things
  21 stone giants
  7 draconian annihilators
  9 green draconians
  The ghost of Galthrax the Fighter, a journeyman OgFi of Cheibriados (D:12)
  3 deep elf demonologists (Elf:3)
  7 black draconians
  12 red draconians
  3 lorocyprocas (Abyss:3)
  8 purple draconians
  6 white draconians
  An entropy weaver (Vaults:3)
  A minotaur (shapeshifter) (Depths:1)
  6 deep elf annihilators
  22 yellow draconians
  A minotaur (Gauntlet)
  7 spark wasps
  5 deep elf death magi
  15 ettins
  3 eidola
  5 deep elf high priests
  7 merfolk impalers
  7 merfolk javelineers
  16 fire dragons
  A green death (Abyss:1)
  12 great orbs of eyes
  A jiangshi (Abyss:1)
  11 naga warriors
  44 small abominations
  Fannar (Lair:2)
  14 yaktaur captains
  6 boulder beetles
  13 ice dragons
  Harold (D:7)
  14 rakshasas
  3 vault guards
  10 hydras
  2 catoblepae
  9 anacondas
  9 spriggan air magi
  11 centaur warriors
  4 merfolk avatars
  An alligator snapping turtle (Shoals:3)
  40 two-headed ogres
  4 merfolk aquamancers
  12 tengu warriors
  27 dancing weapons
  10 death yaks
  4 hell hogs (Abyss:4)
  11 deep troll shamans
  14 ogre magi
  5 vampire magi
  10 deep troll earth magi
  7 satyrs
  4 death knights
  6 shock serpents
  9 spriggan berserkers
  2 orc high priests
  An iron golem (WizLab)
  29 thrashing horrors
  A soul eater (Abyss:3)
  A sun demon (Abyss:3)
  Nergalle (Lair:2)
  2 hell knights
  The ghost of Domino the Fighter, a novice MiBe of Trog (D:5)
  8 skeletal warriors (D:12)
  27 deep elf knights
  8 iron trolls
  17 naga sharpshooters
  A fire crab (shapeshifter) (WizLab)
  22 wretched stars
  A titan skeleton (Vaults:4)
  A shadow wraith (Vaults:3)
  2 salamander mystics
  8 sixfirhies
  The ghost of kthxbai the Frost Mage, a novice BaIE (D:7)
  A death drake (Abyss:2)
  4 spatial maelstroms
  35 deep trolls
  2 unseen horrors (shapeshifter)
  A golden dragon zombie (Vaults:4)
  11 sea snakes
  7 glowing orange brains
  5 unseen horrors
  7 naga ritualists
  6 flayed ghosts
  A torturous demonspawn (Depths:3)
  An obsidian statue (D:9)
  A glowing orange brain (shapeshifter) (WizLab)
  14 ironbrand convokers
  7 wizards
  18 orc knights
  5 necromancers
  23 deep elf archers
  6 phantasmal warriors
  5 orb spiders (shapeshifter)
  3 orc sorcerers
  6 mana vipers
  48 ugly things
  2 harpies (shapeshifter) (WizLab)
  13 harpies
  A will-o-the-wisp (Abyss:4)
  A frost giant zombie (Abyss:1)
  5 wolf spiders
  68 deep elf magi
  6 salamanders
  A fire giant zombie (Vaults:1)
  A shadow dragon skeleton (Abyss:2)
  13 manticores
  30 fauns
  A stone giant zombie (Vaults:1)
  A spectral centaur (Gauntlet)
  3 guardian serpents
  A salamander (shapeshifter) (WizLab)
  37 black mambas
  12 worldbinders
  An eye of devastation (shapeshifter) (Vaults:2)
  7 cyclopes
  2 elephants (Lair:6)
  8 water nymphs
  A guardian serpent (shapeshifter) (Vaults:3)
  19 moths of wrath
  A rust devil (Abyss:3)
  16 vault sentinels
  7 merfolk sirens
  5 apocalypse crabs
  3 torpor snails
  An elephant (shapeshifter) (WizLab)
  16 cane toads
  A torpor snail (shapeshifter) (WizLab)
  A cane toad (shapeshifter) (Elf:3)
  14 naga magi
  A gargoyle (D:14)
  9 orange demons
  2 kobold demonologists (Abyss:2)
  29 smoke demons
  5 hellions
  2 rime drakes (shapeshifter) (WizLab)
  A komodo dragon (shapeshifter) (WizLab)
  6 rime drakes
  68 yaktaurs
  A yaktaur (shapeshifter) (WizLab)
  A demonic crawler (Abyss:3)
  5 spectral swamp worms (Depths:5)
  8 komodo dragons
  6 efreet
  5 hellwings
  2 ice devils
  26 ancient zymes
  4 red devils
  11 freezing wraiths
  3 tengu conjurers
  3 meliai (D:10)
  A queen bee (shapeshifter) (Depths:2)
  A polar bear (Lair:6)
  2 jumping spiders (shapeshifter)
  13 trolls
  27 merfolk
  3 meliai (shapeshifter)
  6 wind drakes
  A troll (shapeshifter) (WizLab)
  2 hornets (shapeshifter)
  A wolf spider simulacrum (Abyss:3)
  7 hornets
  3 blink frogs (shapeshifter)
  23 raiju
  Prince Ribbit (D:7)
  16 dream sheep
  23 blink frogs
  A fire dragon zombie (Abyss:2)
  A fire giant simulacrum (Vaults:2)
  An ice dragon zombie (Abyss:2)
  An ettin zombie (Abyss:2)
  25 slime creatures
  9 snapping turtles
  A hydra skeleton (Abyss:1)
  A stone giant simulacrum (Vaults:1)
  9 flying skulls
  A redback (shapeshifter) (WizLab)
  2 air elementals (Elf:1)
  A black mamba zombie (Abyss:2)
  61 starcursed masses
  A tarantella (Vaults:3)
  19 water elementals
  2 vampires
  5 wyverns
  A redback (Vaults:3)
  2 tarantellas (shapeshifter) (WizLab)
  A yak (shapeshifter) (WizLab)
  8 ynoxinuls
  2 shadows (D:11)
  39 yaks
  4 spriggans
  A basilisk (shapeshifter) (WizLab)
  A black mamba skeleton (Abyss:3)
  3 fire elementals
  13 wraiths
  12 chaos spawn
  A fire bat (Abyss:2)
  4 hogs
  4 basilisks
  A golden eye (shapeshifter) (WizLab)
  12 neqoxecs
  2 human simulacra
  4 spatial vortices (Abyss:3)
  A human (shapeshifter) (WizLab)
  4 vampire mosquitoes (D:13)
  62 large abominations
  62 nagas
  6 wargs
  2 acid dragons
  A soldier ant (D:12)
  4 floating eyes (WizLab)
  17 water moccasins
  An elf zombie (Vaults:4)
  7 sky beasts
  A cane toad skeleton (Abyss:3)
  A hornet zombie (D:14)
  An ice beast (shapeshifter) (Elf:1)
  An ice dragon simulacrum (Abyss:2)
  37 orc warriors
  3 human zombies
  7 ice beasts
  5 black bears
  2 black bears (shapeshifter)
  An alligator simulacrum (Abyss:2)
  An ettin simulacrum (Abyss:1)
  18 boggarts
  3 phantoms
  A necrophage (D:10)
  67 wolves
  2 human skeletons (Vaults:4)
  48 ogres
  15 centaurs
  5 big kobolds
  Blork the orc (D:4)
  21 bullfrogs
  A spectral wyvern (Gauntlet)
  4 earth elementals
  A gnoll sergeant (Orc:2)
  2 wyvern skeletons
  5 scorpions
  2 water moccasin skeletons (D:5)
  6 killer bees
  10 wights
  4 howler monkeys
  4 electric eels
  4 crimson imps (Abyss:3)
  6 quasits
  4 centaur zombies
  8 hounds
  10 orc priests
  A centaur skeleton (D:12)
  Crazy Yiuf (D:7)
  4 bullfrog skeletons
  5 iron imps
  5 jellies
  24 orc wizards
  7 worker ants
  4 iguanas
  A hound skeleton (D:7)
  Robin (D:2)
  5 gnolls
  13 adders
  2 shadow imps (D:8)
  11 white imps
  9 ufetubi
  2 oozes
  An adder skeleton (D:4)
  An adder zombie (D:9)
  8 leopard geckos
  93 orcs
  A giant cockroach (D:8)
  14 goblins
  6 hobgoblins
  9 jackals
  25 kobolds
  2 quokkas
  A ball python (D:1)
  6 bats
  4 frilled lizards
  A jackal zombie (D:5)
  2 leopard gecko skeletons
  7 rats (D:1)
  3 crawling corpses
  3 lurking horrors
  14 starspawn tentacles
2817 creatures vanquished.

Vanquished Creatures (collateral kills)
  An ancient lich (Zot:5)
  2 golden dragons
  the Enchantress (Depths:3)
  A bone dragon (Abyss:3)
  2 tentacled monstrosities
  A tentacled starspawn (Abyss:1)
  3 storm dragons (Zot:5)
  2 ghost moths (Zot:5)
  A vault warden (Vaults:2)
  A deep elf sorcerer (Abyss:4)
  A draconian annihilator (Zot:4)
  A stone giant (Orc:1)
  A lorocyproca (Abyss:1)
  A dire elephant (Abyss:1)
  A white draconian (Zot:4)
  An ettin (Depths:3)
  A merfolk javelineer (Shoals:4)
  2 merfolk impalers (Shoals:4)
  A great orb of eyes (Depths:3)
  2 yaktaur captains
  4 two-headed ogres
  An ogre mage (Orc:2)
  A deep troll earth mage (Depths:2)
  A wretched star (Abyss:3)
  A sea snake (Shoals:4)
  A death drake (Gauntlet)
  A cyclops (Orc:2)
  A centaur zombie (Gauntlet)
  3 moths of wrath
  A fire giant skeleton (Abyss:3)
  3 yaktaurs (Depths:2)
  A tormentor (Abyss:3)
  2 trolls (Orc:2)
  A tengu conjurer (Depths:3)
  A raiju (shapeshifter) (Depths:3)
  3 large abominations (Abyss:3)
  A vampire (Abyss:1)
  A basilisk (Lair:1)
  A floating eye (Depths:3)
  An orc warrior (Orc:2)
  6 ogres
  3 starcursed masses
  An orc priest (Orc:2)
  An iron imp (Abyss:1)
  5 orcs (Orc:2)
  A starspawn tentacle (Abyss:1)
74 creatures vanquished.

Vanquished Creatures (others)
  A fire giant (Depths:4)
  A rakshasa (Abyss:1)
  A spriggan air mage (Depths:4)
  A two-headed ogre (Depths:1)
  2 deep elf knights
  A wretched star (Abyss:3)
  A naga ritualist (Snake:2)
  A naga mage (Snake:4)
  A black mamba (Snake:2)
  A smoke demon (Abyss:4)
  2 raiju (Abyss:4)
  A shadow (D:11)
  A water elemental (Elf:3)
  3 small abominations (Abyss:4)
  A human (Shoals:3)
  3 large abominations
  An orc (Vaults:4)
  6 foxfires (Abyss:4)
  62 fungi
  3 lurking horrors (Abyss:4)
  334 plants
  58 starspawn tentacles
  2 withered plants (D:5)
488 creatures vanquished.

Grand Total: 3379 creatures vanquished

Notes
Turn   | Place    | Note
-------+----------+-------------------------------------------
     0 | D:1      | raph the Merfolk Gladiator began the quest for the Orb.
     0 | D:1      | Reached XP level 1. HP: 16/16 MP: 1/1
    42 | D:1      | Reached XP level 2. HP: 13/23 MP: 2/2
   607 | D:1      | Reached skill level 5 in Polearms
   761 | D:1      | Reached XP level 3. HP: 28/28 MP: 3/3
   771 | D:1      | You fall into a shaft and drop 1 floor!
  1089 | D:2      | Noticed Robin
  1117 | D:2      | Killed Robin
  1118 | D:2      | Reached XP level 4. HP: 25/34 MP: 4/4
  2037 | D:2      | Found a faded altar of an unknown god.
  2049 | D:2      | Became a worshipper of Trog the Wrathful
  2049 | D:2      | Reached * piety under Trog
  2119 | D:3      | Reached skill level 6 in Polearms
  2251 | D:3      | You fall into a shaft and drop 3 floors!
  2253 | D:6      | Noticed a centaur
  2255 | D:6      | Noticed an orc warrior
  2276 | D:6      | Noticed a bullfrog
  2323 | D:6      | Found a staircase to the Ecumenical Temple.
  2324 | D:6      | Noticed a black bear
  2330 | Temple   | Entered the Ecumenical Temple
  2348 | Temple   | Killed a bullfrog
  2349 | Temple   | Reached skill level 5 in Dodging
  2349 | Temple   | Reached XP level 5. HP: 5/41 MP: 5/5
  2357 | Temple   | Killed a black bear
  2358 | Temple   | Reached skill level 7 in Polearms
  2358 | Temple   | Reached XP level 6. HP: 6/47 MP: 6/6
  3158 | D:5      | Entered Level 5 of the Dungeon
  3164 | D:5      | Reached XP level 7. HP: 54/54 MP: 7/7
  3221 | D:4      | Reached skill level 8 in Polearms
  4766 | D:4      | Noticed Blork the orc
  4778 | D:4      | Killed Blork the orc
  5133 | D:5      | Reached skill level 9 in Polearms
  5193 | D:5      | Reached XP level 8. HP: 61/61 MP: 8/8
  5295 | D:5      | Reached ** piety under Trog
  5315 | D:5      | Found Xiffeppe's Book Shop.
  5480 | D:5      | Found a runed translucent door.
  5480 | D:5      | Noticed Domino's ghost (novice MiBe)
  5618 | D:5      | Reached skill level 5 in Fighting
  6150 | D:6      | Reached skill level 10 in Polearms
  6233 | D:6      | Found a basalt altar of Yredelemnul.
  6252 | D:6      | Reached skill level 5 in Throwing
  6698 | D:7      | Found a runed translucent door.
  6699 | D:7      | Noticed Crazy Yiuf
  6705 | D:7      | Killed Crazy Yiuf
  6748 | D:7      | Found a transporter.
  6751 | D:7      | Noticed a hornet
  6751 | D:7      | Noticed kthxbai's ghost (novice BaIE)
  6752 | D:7      | Noticed a moth of wrath
  6769 | D:7      | Reached XP level 9. HP: 56/69 MP: 9/9
  6847 | D:7      | Reached skill level 11 in Polearms
  7031 | D:7      | Noticed Harold
  7303 | D:7      | Noticed Prince Ribbit
  7319 | D:7      | Killed Prince Ribbit
  7327 | D:7      | Found a transporter.
  7568 | D:7      | Reached *** piety under Trog
  7574 | D:7      | Reached skill level 12 in Polearms
  7848 | D:8      | Found a runed translucent door.
  7848 | D:8      | Noticed a sixfirhy
  7969 | D:8      | Reached skill level 1 in Shields
  8015 | D:8      | Reached skill level 1 in Stealth
  8766 | D:9      | Noticed a two-headed ogre
  8771 | D:9      | Found a staircase to the Orcish Mines.
  8771 | D:9      | Identified the ring of Eriargh {Will+ Str+4}
  8792 | D:8      | Killed a two-headed ogre
  8793 | D:8      | Reached XP level 10. HP: 73/79 MP: 10/10
  9607 | D:9      | Noticed an obsidian statue
 10346 | D:10     | Entered Level 10 of the Dungeon
 10441 | D:10     | Reached skill level 13 in Polearms
 10554 | D:10     | Found Nudosayg's Book Emporium.
 10820 | D:10     | Reached **** piety under Trog
 11173 | D:10     | HP: 3/79 [meliai/divine providence (11)]
 12101 | D:11     | Found a staircase to the Lair.
 12322 | D:11     | Noticed an eight-headed hydra
 12362 | Lair:1   | Entered Level 1 of the Lair of Beasts
 12780 | Lair:1   | Reached XP level 11. HP: 86/86 MP: 11/11
 12843 | Lair:1   | Reached skill level 14 in Polearms
 12847 | Lair:1   | Reached skill level 10 in Dodging
 13015 | Lair:1   | Reached skill level 5 in Stealth
 13747 | Lair:2   | Noticed Nergalle
 13767 | Lair:2   | Killed Nergalle
 14076 | Lair:2   | Noticed an eight-headed hydra
 14099 | Lair:2   | Killed an eight-headed hydra
 14236 | Lair:2   | Found a staircase to the Shoals.
 14301 | Lair:2   | Noticed Fannar
 14315 | Lair:2   | Killed Fannar
 14675 | Lair:3   | Noticed a death yak
 14686 | Lair:3   | Noticed a death yak
 14686 | Lair:3   | Noticed a death yak
 14728 | Lair:2   | Killed a death yak
 14729 | Lair:2   | Reached XP level 12. HP: 97/97 MP: 12/12
 14846 | Lair:2   | Killed a death yak
 14846 | Lair:2   | Reached ***** piety under Trog
 14914 | Lair:3   | Killed a death yak
 15022 | Lair:3   | You fall into a shaft and drop 1 floor!
 15069 | Lair:4   | Reached skill level 10 in Fighting
 16371 | Lair:3   | Reached skill level 1 in Evocations
 16391 | Lair:3   | Reached skill level 1 in Armour
 16559 | Lair:3   | Reached XP level 13. HP: 100/105 MP: 13/13
 16648 | Lair:3   | Reached skill level 10 in Throwing
 16654 | Lair:3   | Identified a scroll of acquirement
 16654 | Lair:3   | Acquired a manual of Dodging
 16749 | Lair:3   | Received a gift from Trog
 17122 | Lair:4   | Found a staircase to the Snake Pit.
 18514 | Lair:5   | Received a gift from Trog
 19432 | Lair:5   | Found a viscous altar of Jiyva.
 19432 | Lair:5   | Found a staircase to the Slime Pits.
 20133 | Orc:1    | Entered Level 1 of the Orcish Mines
 20166 | D:9      | Reached skill level 5 in Evocations
 20250 | D:9      | Reached skill level 15 in Dodging
 20338 | Orc:1    | Reached XP level 14. HP: 114/114 MP: 14/14
 20362 | Orc:1    | Found Omuxot's Antique Weapon Shoppe.
 20374 | Orc:1    | Received a gift from Trog
 20803 | Orc:1    | You fall into a shaft and drop 1 floor!
 20803 | Orc:2    | Entered Level 2 of the Orcish Mines
 20804 | Orc:2    | Noticed a stone giant
 20987 | Orc:1    | You fall into a shaft and drop 1 floor!
 21157 | Orc:2    | Found Foano's Distillery.
 21196 | Orc:2    | Found Soqeev's Gadget Shop.
 21196 | Orc:2    | Found Boteg's Weapon Shoppe.
 21199 | Orc:2    | Found Deyjoeq's Armour Emporium.
 21255 | Orc:1    | Killed a stone giant
 22177 | Orc:2    | Found a staircase to the Elven Halls.
 22188 | Orc:2    | Reached skill level 5 in Armour
 22673 | Orc:2    | Bought a potion of heal wounds for 60 gold pieces
 22673 | Orc:2    | Bought a potion of heal wounds for 60 gold pieces
 23688 | D:11     | Reached XP level 15. HP: 122/122 MP: 15/15
 23705 | D:11     | Received a gift from Trog
 23710 | D:11     | Reached ****** piety under Trog
 25212 | D:12     | Found a glowing silver altar of Zin.
 25297 | D:12     | Reached skill level 5 in Shields
 25311 | D:12     | Acquired a +2 pair of boots of running
 25418 | D:12     | Found a runed translucent door.
 25419 | D:12     | Noticed Galthrax's ghost (journeyman OgFi)
 25434 | D:12     | Killed Galthrax's ghost
 25823 | D:13     | Received a gift from Trog
 26949 | D:14     | Found a portal to a secret trove of treasure.
 28146 | D:14     | Found a gate to the Vaults.
 28309 | D:15     | Entered Level 15 of the Dungeon
 28430 | D:15     | Found a gateway to a bazaar.
 28442 | Bazaar   | Entered a bazaar
 28442 | Bazaar   | Found Opogec's Gadget Emporium.
 28442 | Bazaar   | Found Exaupo's Magic Scroll Shoppe.
 28442 | Bazaar   | Found Plog's Distillery.
 28442 | Bazaar   | Found Dealacrim's Weapon Shoppe.
 28452 | Bazaar   | Bought a potion of heal wounds for 60 gold pieces
 28452 | Bazaar   | Bought a potion of heal wounds for 60 gold pieces
 28474 | Bazaar   | Bought a wand of acid (4) for 144 gold pieces
 28474 | Bazaar   | Bought a wand of iceblast (10) for 126 gold pieces
 28497 | D:15     | Noticed a fire giant
 28592 | D:15     | Found a staircase to the Depths.
 28668 | D:15     | Found a gate leading to a gauntlet.
 28677 | Gauntlet | Entered a Gauntlet
 28677 | Gauntlet | Found a transporter.
 28677 | Gauntlet | Found a transporter.
 28677 | Gauntlet | Found a transporter.
 28677 | Gauntlet | Found a transporter.
 28681 | Gauntlet | Found a transporter.
 28683 | Gauntlet | Found a large runed translucent door.
 28684 | Gauntlet | Found a large runed translucent door.
 28685 | Gauntlet | Found a large runed translucent door.
 28685 | Gauntlet | Found a large runed translucent door.
 28685 | Gauntlet | Found a runed translucent door.
 28686 | Gauntlet | Found a large runed translucent door.
 28686 | Gauntlet | Found a runed translucent door.
 28687 | Gauntlet | Found a large runed translucent door.
 28687 | Gauntlet | Found a large runed translucent door.
 28687 | Gauntlet | Found a large runed translucent door.
 28688 | Gauntlet | Found a large runed translucent door.
 28689 | Gauntlet | Found a large runed translucent door.
 28693 | Gauntlet | Found a transporter.
 28699 | Gauntlet | Found a transporter.
 28701 | Gauntlet | Found a transporter.
 28701 | Gauntlet | Found a large runed translucent door.
 28701 | Gauntlet | Found a large runed translucent door.
 28702 | Gauntlet | Found a large runed translucent door.
 28702 | Gauntlet | Found a large runed translucent door.
 28702 | Gauntlet | Found a large runed translucent door.
 28703 | Gauntlet | Found a large runed translucent door.
 28712 | Gauntlet | Found a runed translucent gate.
 28712 | Gauntlet | Found a runed translucent gate.
 28712 | Gauntlet | Found a runed translucent gate.
 28714 | Gauntlet | Found a transporter.
 28736 | Gauntlet | Found a transporter.
 28761 | Gauntlet | Found a transporter.
 28831 | Gauntlet | Found a transporter.
 29379 | Gauntlet | Identified the +1 scimitar "Vod Riag" {flame, +Fly}
 29705 | D:15     | Killed a fire giant
 29706 | D:15     | Reached XP level 16. HP: 71/131 MP: 16/16
 30447 | Shoals:1 | Entered Level 1 of the Shoals
 30484 | Shoals:1 | Found Xaghetobb's Weapon Emporium.
 30909 | Shoals:1 | Reached skill level 10 in Shields
 31360 | Shoals:2 | Received a gift from Trog
 31518 | Shoals:2 | Found Juimp's Book Boutique.
 31755 | Shoals:2 | Found a hide-covered altar of Uskayaw.
 32871 | Shoals:3 | Noticed Ilsuiw
 33136 | Shoals:3 | Noticed Mara
 33748 | Shoals:3 | Noticed Kirke
 34125 | Shoals:3 | Killed Kirke
 34126 | Shoals:3 | Reached XP level 17. HP: 139/139 MP: 17/17
 34254 | Shoals:3 | Killed Ilsuiw
 34529 | Shoals:3 | Noticed raph's illusion
 34561 | Shoals:3 | Killed Mara
 34994 | Shoals:3 | Noticed Polyphemus
 35008 | Shoals:3 | Killed Polyphemus
 35282 | Lair:6   | Entered Level 6 of the Lair of Beasts
 35483 | Lair:6   | Reached skill level 15 in Shields
 36768 | Snake:1  | Entered Level 1 of the Snake Pit
 37187 | Snake:1  | Noticed Agnes
 37201 | Snake:1  | Killed Agnes
 38480 | Snake:2  | Received a gift from Trog
 38913 | Snake:2  | Found a broken altar of Ashenzari.
 38945 | Snake:2  | Reached XP level 18. HP: 135/147 MP: 18/18
 39126 | Snake:2  | Reached skill level 15 in Fighting
 39752 | Snake:3  | Noticed Vashnia
 40700 | Snake:3  | Killed Vashnia
 40701 | Snake:3  | Reached skill level 15 in Polearms
 41307 | Snake:3  | Found Ewom's Antique Armour Shoppe.
 41726 | Shoals:4 | Entered Level 4 of the Shoals
 41732 | Shoals:4 | Received a gift from Trog
 41840 | Shoals:4 | Found Osacs's Antique Weapon Emporium.
 41881 | Shoals:4 | Found a flickering gateway to a bazaar.
 41891 | Bazaar   | Entered a bazaar
 41905 | Bazaar   | Found Uxzaavigg's Book Emporium.
 41937 | Bazaar   | Found Ociecs's Armour Shoppe.
 41953 | Bazaar   | Found Xais Xyo's Antique Armour Shoppe.
 41953 | Bazaar   | Found Xues's Gadget Emporium.
 42811 | Shoals:4 | Found the +0 mask of the Dragon {Will+ Slay+3 SInv}
 42935 | Shoals:4 | Got a barnacled rune of Zot
 43422 | Shoals:4 | Reached XP level 19. HP: 151/157 MP: 19/19
 43800 | Vaults:1 | Entered Level 1 of the Vaults
 43857 | Vaults:1 | Received a gift from Trog
 43905 | Vaults:1 | Reached skill level 16 in Polearms
 44457 | Vaults:1 | Noticed Donald
 44472 | Vaults:1 | Killed Donald
 44790 | Vaults:1 | Received a gift from Trog
 45227 | Shoals:4 | Got an ichor-stained kite shield
 45238 | Shoals:4 | Identified the cursed +0 kite shield of Dyketew {rC- Int+7
                  | Slay+5} (You found it on level 4 of the Shoals)
 46361 | Vaults:1 | Found Myloogre's Antique Weapon Shoppe.
 46654 | Vaults:1 | Reached skill level 17 in Polearms
 46934 | Vaults:2 | Noticed a lich
 46938 | Vaults:2 | Killed a lich
 47530 | Vaults:2 | Reached XP level 20. HP: 153/164 MP: 20/20
 47656 | Vaults:2 | Received a gift from Trog
 47667 | Vaults:2 | Found a staircase to the Crypt.
 48703 | Vaults:3 | Reached skill level 18 in Polearms
 49001 | Vaults:3 | Identified the +0 plate armour "Xiweb" {rC+}
 49002 | Vaults:3 | Found a runed translucent gate.
 49002 | Vaults:3 | Found a runed translucent gate.
 49002 | Vaults:3 | Found a runed translucent gate.
 49141 | Vaults:3 | Received a gift from Trog
 49985 | Vaults:3 | Received a gift from Trog
 50249 | Vaults:3 | Noticed Doefiu's ghost (adept OgHu)
 50305 | Vaults:3 | Found a roughly hewn altar of Beogh.
 50369 | Vaults:3 | Killed Doefiu's ghost
 50371 | Vaults:3 | Reached XP level 21. HP: 170/170 MP: 21/21
 50480 | Vaults:3 | Reached skill level 19 in Polearms
 50767 | Vaults:4 | Found a flickering gateway to a bazaar.
 50793 | Bazaar   | Entered a bazaar
 50793 | Bazaar   | Found Nehoic's Jewellery Shop.
 50793 | Bazaar   | Found Yhucrim's Jewellery Emporium.
 50916 | Bazaar   | Found Reunac's Magic Scroll Emporium.
 50922 | Bazaar   | Found Vaosmuck's Armour Boutique.
 50923 | Bazaar   | Bought a scroll of blinking for 67 gold pieces
 50969 | Bazaar   | Bought the ring "Mopep" {*Drain rElec rF+ rC+++ Will+
                  | Str+3} for 1204 gold pieces
 51831 | Vaults:4 | Found a runed translucent gate.
 51832 | Vaults:4 | Found a runed translucent gate.
 51832 | Vaults:4 | Found a runed translucent gate.
 51833 | Vaults:4 | Noticed Faydane's ghost (veteran HuFi)
 52859 | Vaults:2 | Received a gift from Trog
 53307 | D:5      | Killed Domino's ghost
 53518 | D:7      | Killed Harold
 53692 | D:7      | Killed kthxbai's ghost
 54351 | Elf:1    | Entered Level 1 of the Elven Halls
 55097 | Elf:1    | Received a gift from Trog
 55253 | Elf:1    | Found Ughej's Magic Scroll Boutique.
 55261 | Elf:1    | Bought a scroll of enchant weapon for 127 gold pieces
 55261 | Elf:1    | Bought a scroll of enchant armour for 127 gold pieces
 55261 | Elf:1    | Bought a scroll of enchant armour for 127 gold pieces
 55261 | Elf:1    | Bought a scroll of enchant weapon for 127 gold pieces
 55263 | Elf:1    | Acquired 800 gold pieces
 55264 | Elf:1    | Acquired the ring "Mebbirish" {rElec rPois rF+++ Dex-3
                  | Slay+3}
 55847 | Elf:2    | Reached XP level 22. HP: 170/177 MP: 22/22
 55961 | Elf:2    | Received a gift from Trog
 56045 | Elf:2    | Found a magical portal.
 56056 | WizLab   | Entered Cigotuvi's Fleshworks
 56483 | WizLab   | Paralysed by a floating eye for 2 turns
 56505 | WizLab   | Got a wavering emerald amulet
 56507 | WizLab   | Identified the amulet of Numepeusk {Faith Str+2 Int-3
                  | Slay+6} (You found it in a wizard's laboratory)
 57352 | Elf:2    | Found a runed translucent gate.
 57352 | Elf:2    | Found a runed translucent gate.
 57352 | Elf:2    | Found a runed translucent gate.
 57433 | Elf:2    | Received a gift from Trog
 58340 | Elf:2    | Received a gift from Trog
 58819 | Depths:1 | Entered Level 1 of the Depths
 60048 | Depths:1 | Found a gateway to Hell.
 60509 | Depths:1 | Reached XP level 23. HP: 183/183 MP: 23/23
 61072 | Depths:2 | Received a gift from Trog
 61797 | Depths:2 | Found a hazy altar of Hepliaklqana.
 61916 | Depths:2 | Found a basalt altar of Yredelemnul.
 62087 | Depths:2 | Found a white marble altar of Elyvilon.
 62347 | Depths:2 | Received a gift from Trog
 62526 | Depths:2 | Reached skill level 10 in Armour
 62962 | Depths:2 | Reached skill level 20 in Polearms
 62979 | Depths:2 | Found a stormy altar of Qazlal.
 63230 | Depths:2 | Found Haofedea's Antique Weapon Emporium.
 63231 | Depths:2 | Found Cistuefi's Antique Armour Boutique.
 63231 | Depths:2 | Found Sejienar's General Store.
 63232 | Depths:2 | Found Zonkotis's Antique Weapon Boutique.
 63319 | Depths:2 | Noticed a golden dragon
 63344 | Depths:2 | Killed a golden dragon
 63682 | Depths:3 | Identified the +7 quarterstaff of Zanotemn {flame, rPois
                  | Int+2}
 63684 | Depths:3 | Reached XP level 24. HP: 125/195 MP: 23/23
 64053 | Depths:2 | Received a gift from Trog
 64316 | Depths:3 | Found Reodghot's Jewellery Shoppe.
 64316 | Depths:3 | Found Baocol's Weapon Emporium.
 64493 | Depths:3 | Found a one-way gate leading to the halls of Pandemonium.
 64516 | Depths:3 | Identified the ring "Egoel" {+Fly Str+6 Int+8 Stlth-}
 64594 | Depths:3 | Noticed the Enchantress
 64634 | Depths:3 | Paralysed by a floating eye for 3 turns
 65170 | Depths:4 | Reached skill level 21 in Polearms
 65505 | Depths:3 | Received a gift from Trog
 65584 | Depths:3 | Killed the Enchantress
 65616 | Depths:3 | Found a glowing golden altar of the Shining One.
 65852 | Depths:3 | Identified the Incunabulum of the Postmodern Spreadsheets
 65926 | Depths:3 | Found a glowing golden altar of the Shining One.
 66536 | Depths:4 | Noticed a juggernaut
 66666 | Depths:4 | Killed a juggernaut
 66667 | Depths:4 | Reached XP level 25. HP: 174/205 MP: 23/23
 67050 | Depths:4 | Received a gift from Trog
 67232 | Depths:4 | Reached skill level 22 in Polearms
 67468 | Depths:4 | You fall into a shaft and drop 1 floor!
 67468 | Depths:5 | Entered Level 5 of the Depths
 67805 | Depths:4 | Found a corrupted altar of Lugonu.
 67805 | Depths:4 | Found a one-way gate to the infinite horrors of the Abyss.
 67960 | Depths:4 | Noticed a juggernaut
 67977 | Depths:4 | Killed a juggernaut
 68345 | Depths:5 | Found a gateway to a ziggurat.
 68368 | Depths:4 | Received a gift from Trog
 70405 | Depths:5 | Received a gift from Trog
 70471 | Depths:5 | Found a gate to the Realm of Zot.
 70852 | Elf:3    | Entered Level 3 of the Elven Halls
 71423 | Elf:3    | Reached skill level 23 in Polearms
 71440 | Elf:3    | Reached XP level 26. HP: 216/216 MP: 23/23
 71644 | Elf:3    | Got a crude copper amulet
 71645 | Elf:3    | Identified the amulet of Kositz {Faith Int+4} (You found it
                  | on level 3 of the Elven Halls)
 72930 | Elf:3    | Identified the amulet "Yffeh" {RegenMP rPois MP+9 Int-2
                  | Stlth+}
 75219 | Elf:3    | Identified the +1 leather armour of Kareirin {Int+2}
 75520 | Elf:3    | Identified the +9 plate armour "Ahof" {Harm}
 75661 | Elf:3    | Identified the cursed +0 great mace "Xufijoloq" {flame,
                  | rElec rN+ Int+2}
 75661 | Elf:3    | Identified the ring of Accord {rPois rF+ Will+ Str-2 Int+4}
 75756 | Elf:3    | Received a gift from Trog
 76409 | Snake:4  | Entered Level 4 of the Snake Pit
 76722 | Snake:4  | Acquired a manual of Armour
 76937 | Snake:4  | Noticed Aizul
 76944 | Snake:4  | Killed Aizul
 79031 | Snake:4  | Received a gift from Trog
 79199 | Snake:4  | Noticed Louise
 79214 | Snake:4  | Killed Louise
 79295 | Snake:4  | Got a serpentine rune of Zot
 80508 | Depths:4 | Voluntarily entered the Abyss.
 80547 | Abyss:1  | Found a shimmering blue altar of Sif Muna.
 80754 | Abyss:1  | Found a corrupted altar of Lugonu.
 80827 | Abyss:2  | Found a corrupted altar of Lugonu.
 81629 | Abyss:4  | Gained mutation: You are agile. (Dex +2) [a cacodemon]
 81653 | Abyss:4  | Reached skill level 24 in Polearms
 81656 | Abyss:4  | Paralysed by you for 4 turns
 81897 | Abyss:4  | Received a gift from Trog
 82121 | Abyss:4  | Found a corrupted altar of Lugonu.
 82324 | Abyss:4  | Found a corrupted altar of Lugonu.
 82515 | Abyss:4  | Found a corrupted altar of Lugonu.
 82715 | Abyss:4  | Reached XP level 27. HP: 198/226 MP: 23/23
 82799 | Abyss:4  | Paralysed by accursed screaming for 1 turns
 82807 | Abyss:4  | Paralysed by accursed screaming for 1 turns
 82813 | Abyss:4  | Paralysed by accursed screaming for 2 turns
 82815 | Depths:4 | Escaped the Abyss
 83344 | Depths:4 | Voluntarily entered the Abyss.
 83348 | Abyss:1  | Found a corrupted altar of Lugonu.
 83583 | Abyss:1  | Paralysed by accursed screaming for 1 turns
 83595 | Abyss:1  | Reached skill level 25 in Polearms
 83797 | Abyss:2  | Received a gift from Trog
 83842 | Abyss:2  | Gained mutation: You tend to lose your temper in combat. [a
                  | neqoxec]
 84839 | Abyss:2  | Reached skill level 15 in Armour
 85467 | Abyss:2  | Received a gift from Trog
 85606 | Abyss:3  | Found a corrupted altar of Lugonu.
 85644 | Abyss:3  | Acquired a manual of Throwing
 85855 | Abyss:3  | Paralysed by accursed screaming for 1 turns
 86033 | Abyss:3  | Reached skill level 26 in Polearms
 86475 | Abyss:3  | Received a gift from Trog
 87319 | Abyss:3  | Reached skill level 27 in Polearms
 87442 | Abyss:3  | Received a gift from Trog
 87729 | Abyss:3  | Paralysed by accursed screaming for 1 turns
 88164 | Abyss:3  | Received a gift from Trog
 88221 | Abyss:3  | Found a corrupted altar of Lugonu.
 88275 | Abyss:3  | Got an abyssal rune of Zot
 88327 | Depths:4 | Escaped the Abyss
 88529 | Zot:1    | Entered Level 1 of the Realm of Zot
 89161 | Zot:1    | You fall into a shaft and drop 1 floor!
 89673 | Zot:1    | Lost mutation: You are agile. (Dex +2) [potion of mutation]
 89673 | Zot:1    | Lost mutation: You tend to lose your temper in combat.
                  | [potion of mutation]
 89673 | Zot:1    | Gained mutation: Scrolls take you a little longer to read.
                  | [potion of mutation]
 89673 | Zot:1    | Gained mutation: Your mind is acute. (Int +2) [potion of
                  | mutation]
 89673 | Zot:1    | Gained mutation: Your movements are slightly less
                  | encumbered by armour. (ER -2) [potion of mutation]
 89673 | Zot:1    | Gained mutation: Your flesh is cold resistant. (rC+)
                  | [potion of mutation]
 89674 | Zot:1    | Lost mutation: Your mind is acute. (Int +2) [potion of
                  | mutation]
 89674 | Zot:1    | Lost mutation: Scrolls take you a little longer to read.
                  | [potion of mutation]
 89674 | Zot:1    | Lost mutation: Your flesh is cold resistant. (rC+) [potion
                  | of mutation]
 89674 | Zot:1    | Gained mutation: You have an increased reservoir of magic.
                  | (+10% MP) [potion of mutation]
 89674 | Zot:1    | Gained mutation: You are occasionally teleported next to
                  | monsters. [potion of mutation]
 89674 | Zot:1    | Gained mutation: You have supernaturally acute eyesight.
                  | (SInv) [potion of mutation]
 89675 | Zot:1    | Lost mutation: You are occasionally teleported next to
                  | monsters. [potion of mutation]
 89675 | Zot:1    | Lost mutation: You have an increased reservoir of magic.
                  | (+10% MP) [potion of mutation]
 89675 | Zot:1    | Gained mutation: Your body sometimes deteriorates upon
                  | taking damage. [potion of mutation]
 89675 | Zot:1    | Gained mutation: Your flesh is cold resistant. (rC+)
                  | [potion of mutation]
 89675 | Zot:1    | Gained mutation: Your flesh is heat resistant. (rF+)
                  | [potion of mutation]
 91184 | Zot:2    | Received a gift from Trog
 94221 | Zot:4    | Noticed an orb of fire
 94238 | Zot:4    | Gained mutation: Your flesh is very cold resistant. (rC++)
                  | [an orb of fire]
 94240 | Zot:4    | Killed an orb of fire
 94688 | Zot:4    | Found the +3 hat of Pondering {ponderous, Will+ MP+10
                  | Int+5}
 94821 | Zot:5    | Entered Level 5 of the Realm of Zot
 94955 | Zot:5    | Acquired a +4 demon trident of flaming
 96887 | Zot:5    | Noticed an ancient lich
 97093 | Zot:5    | Killed an ancient lich
 97375 | Zot:5    | Noticed an ancient lich
 97378 | Zot:5    | Noticed an orb of fire
 97395 | Zot:5    | Killed an orb of fire
 97396 | Zot:5    | Killed an ancient lich
 97606 | Zot:5    | Noticed an orb of fire
 97606 | Zot:5    | HP: 6/244 [Orb Guardian (13)]
 97606 | Zot:5    | Annihilated by an Orb Guardian

Illustrated notes

Levels and vault maps discovered:
D:1:      dpeg_arrival_pond, layout_loops_ring
D:2:      layout_rooms, chequers_ecumenical_altar_island, uniq_robin
D:3:      layout_loops_ring
D:4:      layout_basic, uniq_blork_the_orc
D:5:      layout_rooms, gammafunk_ghost_grave, serial_shops, shop
D:6:      layout_rooms, nicolae_overflow_crystal_walls,
          minmay_temple_entry_drinking_statues,
          eino_small_chamber_without_monster
D:7:      black_bear_nest_1, layout_basic, gammafunk_ghost_berserking_beasts,
          uniq_harold, uniq_crazy_yiuf_cottage, uniq_prince_ribbit1
D:8:      cheibrodos_shockbox, layout_basic
D:9:      minmay_statue_hallways, layout_grid_maze, david_orc_2,
          minmay_misc_feat_rugged
D:10:     layout_basic, serial_shops, shop
D:11:     minmay_the_grid_octo_tiled_octocenter_mashed
          [minmay_the_grid_octo_concentric, minmay_the_grid_octo_focus,
          minmay_the_grid_octo_tetromino_candy,
          minmay_the_grid_octo_fat_diamond, minmay_the_grid_octo_prize_star,
          minmay_the_grid_square_5x5_minivault,
          minmay_the_grid_square_5x5_seven, minmay_the_grid_square_5x5_six,
          minmay_the_grid_square_5x5_inner_v], layout_basic, lair_entry_dummy
D:12:     layout_basic, gammafunk_ghost_grave, basic_altar
D:13:     layout_rooms, serial_curves, eino_curves_01, eino_curves_04,
          eino_curves_04, kennysheep_decorative_pillar
D:14:     layout_loops_ring, david_vaults_5, grunt_decor_mini_mirrors,
          nicolae_trove_entry_free_sample, solitary_fountain,
          minmay_misc_feat_tower, minivault_25_ag, nrook_guardian_serpent_double
D:15:     grunt_enter_depths_giant_problem, layout_rooms,
          gauntlet_entry_generic, serial_bayou_pond_b, serial_shops,
          bzr_entry_water, minivault_16
Temple:   kilobyte_greek_temple
Lair:1:   layout_small_grid, grunt_megastairs_2
Lair:2:   layout_misc_corridors, minmay_shoals_entry_lonely_mermaid,
          hangedman_lair_unloving_vines, amcnicky_mini_pool_medium,
          lemuel_fruit_fields, uniq_nergalle, uniq_fannar
Lair:3:   layout_cave_pods, infiniplex_staircase_pool
Lair:4:   layout_long_grid, minmay_snake_entry_guardpost_small
Lair:5:   layout_layer_cave, slime_altar_1, grunt_forest_large_clearings,
          grunt_megastairs_1
Lair:6:   hangedman_lair_in_review, layout_concentric_octagons, st_stairs_8
Shoals:1: layout_shoals, serial_shops, shop
Shoals:2: layout_shoals, serial_shops, shop, lemuel_altar_in_water
Shoals:3: layout_shoals, uniq_kirke, uniq_polyphemus, uniq_ilsuiw, uniq_mara
Shoals:4: shoals_end_grunt_garden, layout_shoals, shoals_ilsuiw_alternative,
          serial_shops, bzr_entry_lakeside, nicolae_shop_behind_doors
Snake:1:  layout_chambers, nicolae_snake_double_loop, grunt_megastairs_5,
          uniq_agnes
Snake:2:  layout_rooms, basic_altar, serial_bayou_pond_c,
          statue_in_the_mist_lemuel
Snake:3:  layout_honeycomb, serial_shops, shop, corexii_hall_statues_i,
          grunt_ministairs_8, uniq_vashnia
Snake:4:  minmay_snake_end_coiled, layout_chambers, uniq_louise, uniq_aizul
Orc:1:    layout_caves, serial_shops, shop, rock_pile
Orc:2:    st_orc_open, layout_caves
Elf:1:    layout_geoelf_octagon, serial_shops, nicolae_shop_stone,
          evilmike_minifort
Elf:2:    layout_loops_ring, mu_enter_wizlab_3
Elf:3:    minmay_elf_hall_curves, layout_geoelf_diagonals,
          nicolae_elf_big_sculpture_3
Vaults:1: dpeg_vaults_waves, serial_ice_g, ontoclasm_vaults_ring_small,
          nicolae_vaults_yaktaur_gun_rack, ontoclasm_vaults_eye, v_misc_30,
          ontoclasm_vaults_chip, layout_vaults_omnigrid, serial_shops,
          nicolae_shop_overgrown_old_shop, uniq_donald
Vaults:2: nicolae_vaults_network_quincunx
          [nicolae_vaults_network_quincunx_subvault,
          nicolae_vaults_network_quincunx_subvault,
          nicolae_vaults_network_quincunx_subvault,
          nicolae_vaults_network_quincunx_subvault,
          nicolae_vaults_network_quincunx_subvault], v_misc_28,
          hangedman_vaults_hat, nicolae_vaults_mini_display_case,
          grunt_vaults_trifunnel, v_alt_pattern_4,
          minmay_crypt_entry_simple_box, nicolae_vaults_network_star,
          grunt_vaults_diagonal, ontoclasm_vaults_ring_small,
          ontoclasm_vaults_pinch, ontoclasm_vaults_loading_screen,
          vaults_room_semicircle, nicolae_vaults_shelves_hall,
          ontoclasm_vaults_gateway, vaults_room_pool,
          ontoclasm_vaults_decontamination, layout_vaults_omnicross
Vaults:3: biasface_vaults_ghost_orc_armoury, v_misc_26, ontoclasm_vaults_hangar,
          nicolae_vaults_stairing_the_circle, v_misc_10, v_misc_12, v_misc_32,
          nicolae_vaults_windows_and_doors_thing, vaults_room_stairs_pillars,
          vaults_dpeg_ring, layout_vaults_big_room
Vaults:4: gammafunk_vaults_ghost_spectres, hangedman_vaults_maws,
          vaults_standard_mumra_enter_the_diamond, v_misc_27,
          nicolae_vaults_alarming, st_quartered_hall,
          nicolae_vaults_twisting_passages, v_misc_22, v_misc_18,
          nicolae_vaults_little_squares_4, nicolae_vaults_little_squares_6,
          layout_vaults_omnibox, serial_shops, bzr_entry_dummy
Depths:1: layout_gridlike, hell_entry, chequers_serial_rivers_small_3,
          lemuel_flamethrower_1, roderic_lattice_octagonal_star
Depths:2: hangedman_box_tower, layout_cave_pools,
          hangedman_abyss_or_decor_passed, pf_coc_iceberg, serial_column_ruins,
          column_ruins_corridor_straight, column_ruins_open_tiny,
          column_ruins_columns_straight, column_ruins_grid_1
Depths:3: wander_protected_by_tso, layout_twisted_cross, rand_demon_pan_entry_3,
          hell_entry, tso_altar, minmay_alternating_orb,
          infiniplex_staircase_spiral, minmay_shoptagon, serial_bayou_shore_b,
          uniq_enchantress
Depths:4: nzn_winding_woodlands_large [nzn_winding_woodlands_5x5_closed_star,
          nzn_winding_woodlands_5x15_jagged, nzn_winding_woodlands_5x5_three,
          nzn_winding_woodlands_center_lodge,
          nzn_winding_woodlands_15x15_five_gardens,
          nzn_winding_woodlands_center_pierced_h,
          nzn_winding_woodlands_5x5_perimeter,
          nzn_winding_woodlands_5x15_garden, nzn_winding_woodlands_hourglass],
          layout_gridlike, hell_entry, chequers_serial_rivers_small_3,
          abyss_entry_flame_altar, hangedman_decor_lopped, serial_bayou_pond_b,
          infiniplex_staircase_zigzag_1
Depths:5: evilmike_zot_entry_hall, layout_cave_pools, enter_ziggurat_a,
          pf_hell_entry_tar_river, chequers_serial_rivers_micro_d,
          marbit_kobold_abyss_entry, infiniplex_staircase_pool_lava
Zot:1:    layout_gridlike
Zot:2:    layout_basic
Zot:3:    layout_concentric_octagons
Zot:4:    layout_misc_corridors, st_single_dragon_hoard_4,
          kennysheep_underground_church
Zot:5:    layout_cathedral_of_symmetry

Skill      XL: |  1  2  3  4  5  6  7  8  9 10 11 12 13 14 15 16 17 18 19 20 21 22 23 24 25 26 27 |
---------------+----------------------------------------------------------------------------------+-----
Polearms       | 5 6 7 9 10 12 13 14 15 17 18 19 20 21 23 24 27 | 27.0
Fighting       | 3 4 5 7 9 10 11 12 13 14 15 17 18 19 20 25 | 25.7
Throwing       | 3 4 5 6 7 8 9 10 11 12 | 12.0
Dodging        | 5 6 7 9 11 12 15 17 19 20 21 22 23 24 | 24.7
Shields        | 2 4 9 13 16 17 19 20 22 24 25 | 25.0
Stealth        | 2 4 7 8 |  8.9
Evocations     | 1 5 7 |  7.4
Armour         | 1 3 5 6 7 9 10 11 12 14 19 | 19.1

Action                   |  1- 3 |  4- 6 |  7- 9 | 10-12 | 13-15 | 16-18 | 19-21 | 22-24 | 25-27 || total
-------------------------+-------+-------+-------+-------+-------+-------+-------+-------+-------++-------
Melee: Trident           |   113 |   128 |   346 |   603 |    12 |       |       |       |       ||  1202
       Tailslap          |       |       |       |     1 |       |    40 |     1 |     5 |    27 ||    74
       Demon trident     |       |       |       |       |  1262 |  1472 |  1968 |  1770 |  4049 || 10521
Throw: Throwing net      |       |       |     2 |       |       |       |       |       |       ||     2
       Dart              |       |       |     1 |       |     1 |     8 |       |       |       ||    10
       Javelin           |       |       |       |       |       |     5 |       |       |    33 ||    38
Invok: Berserk           |       |     1 |     6 |     5 |    17 |    17 |     8 |     8 |     6 ||    68
       Trog's Hand       |       |       |     3 |     3 |    11 |     9 |     4 |     9 |    26 ||    65
       Brothers in Arms  |       |       |       |     2 |     7 |     5 |     1 |     5 |    14 ||    34
Evoke: Lightning rod     |       |       |     3 |       |       |     1 |     2 |       |     4 ||    10
       Wand              |       |       |       |     1 |     7 |     3 |       |     1 |     3 ||    15
       Condenser vane    |       |       |       |       |       |     1 |       |       |     1 ||     2
  Use: Scroll            |       |     2 |    20 |    11 |    22 |     9 |    11 |     9 |    26 ||   110
       Potion            |       |     2 |       |     4 |     3 |     4 |       |     2 |    26 ||    41
 Stab: Sleeping          |       |     2 |     2 |    16 |    23 |    47 |    55 |    48 |    32 ||   225
       Distracted        |       |       |       |     3 |    10 |    11 |     6 |    15 |    73 ||   118
       Held in net/web   |       |       |       |       |       |       |     2 |       |       ||     2
       Petrified         |       |       |       |       |       |       |       |       |     1 ||     1
       Invisible         |       |       |       |       |       |       |       |       |     5 ||     5
Armor: Leather armour    |    15 |    23 |    33 |    36 |    31 |       |       |       |       ||   138
       Skin              |       |    25 |       |       |       |       |       |       |       ||    25
       Troll leather arm |       |       |       |       |    41 |       |       |       |       ||    41
       Shadow dragon sca |       |       |       |       |    59 |    93 |    90 |   121 |   236 ||   599
Dodge: Dodged            |    59 |   110 |   143 |   253 |   709 |   370 |   355 |   320 |   799 ||  3118
Block: Buckler           |       |       |    29 |   131 |   240 |       |       |       |       ||   400
       Tower shield      |       |       |       |       |   312 |  1032 |  1324 |  1315 |  2606 ||  6589
       Reflection        |       |       |       |       |       |   129 |   127 |    89 |   159 ||   504
       Other             |       |       |       |       |       |     1 |       |       |       ||     1
